 Dungeon Crawl Stone Soup version 0.31-a0-662-g684573625c (webtiles) character file.

Game seed: 1870001676842998105

3203 pokeman the Thaumaturge (level 9, -1/49 HPs)
             Began as a Deep Elf Hedge Wizard on Sept 1, 2023.
             Was a Believer of Vehumet.
             Slain by a vampire
             ... wielding a +1 vampiric halberd
              (2 damage)
             ... in a bailey.
             The game lasted 00:17:45 (6974 turns).

pokeman the Thaumaturge (Deep Elf Hedge Wizard)     Turns: 6974, Time: 00:17:46

Health: -1/49      AC: 13    Str:  7    XL:     9   Next: 65%
Magic:  14/27      EV: 10    Int: 24    God:    Vehumet [**....]
Gold:   234        SH:  0    Dex: 14    Spells: 12/32 levels left

rFire   + . .        a - +0 short sword (drain)
rCold   . . .        (no shield)
rNeg    . . .        u - +0 swamp dragon scales
rPois   +            t - +0 helmet
rElec   .            y - +0 cloak
rCorr   .            z - +2 pair of gloves
SInv    .            (no boots)
Will    .....        (no amulet)
Stlth   ++           q - ring of protection from fire
HPRegen 0.28/turn    A - ring of wizardry
MPRegen 0.20/turn

%: wizardry (x1)
@: no status effects
A: no striking features
a: Renounce Religion


You were in a bailey.
You worshipped Vehumet.
Vehumet was pleased with you.
You visited 2 branches of the dungeon, and saw 8 of its levels.
You also visited: Bailey.

You collected 308 gold pieces.
You spent 74 gold pieces at shops.

Inventory:

Hand Weapons
 a - a +0 short sword of draining (weapon)
 x - a +3 quarterstaff of chaos
Missiles
 b - 2 throwing nets
Armour
 t - a +0 helmet (worn)
 u - +0 swamp dragon scales (worn)
 y - a +0 cloak (worn)
 z - a +2 pair of gloves (worn)
Jewellery
 q - a ring of protection from fire (left hand)
 A - a ring of wizardry (right hand)
Wands
 i - a wand of polymorph (8)
 n - a wand of paralysis (5)
Scrolls
 e - a scroll of enchant weapon {unknown}
 g - 6 scrolls of teleportation {unknown}
 h - a scroll of immolation {unknown}
 k - 2 scrolls of fear {unknown}
 l - a scroll of enchant armour {unknown}
 m - a scroll of revelation {unknown}
 o - a scroll of poison {unknown}
 p - a scroll of identify
 s - a scroll of fog {unknown}
 v - a scroll of blinking {unknown}
 w - 3 scrolls of silence {unknown}
Potions
 c - a potion of brilliance {unknown}
 d - 3 potions of magic
 f - 4 potions of curing
 j - a potion of might {unknown}
 r - a potion of heal wounds {unknown}
 B - 2 potions of resistance {unknown}


   Skills:
 + Level 2.4 Fighting
 - Level 4.0 Armour
 - Level 3.0 Dodging
 - Level 3.1 Stealth
 * Level 12.2 Spellcasting
 + Level 6.8 Conjurations
 - Level 1.1 Summonings
 - Level 1.1 Translocations
 + Level 1.5 Fire Magic
 - Level 1.0 Air Magic
 + Level 4.8 Earth Magic
 - Level 1.0 Poison Magic
 - Level 1.0 Evocations


You had 12 spell levels left.
You knew the following spells:

 Your Spells              Type           Power      Damage    Failure   Level
a - Magic Dart            Conj           100%       1d8       1%          1
b - Mephitic Cloud        Conj/Pois/Air  28%        N/A       4%          3
c - Call Imp              Summ           38%        N/A       5%          2
d - Blink                 Tloc           38%        N/A       5%          2
e - Foxfire               Conj/Fire      100%       2x1d9     1%          1
f - Iskenderun's Battles  Conj           47%        2d10      9%          5
g - Leda's Unmaking       Conj/Erth      21%        9d4       56%         6

Your spell library contained the following spells:

 Spells                   Type           Power      Damage    Failure   Level
 Poisonous Vapours        Pois/Air       38%        N/A       5%          2
 Hailstorm                Conj/Ice       30%        3d8       4%          3
 Freeze                   Ice            56%        1d7       5%          1
 Slow                     Hex            56%        N/A       5%          1
 Cigotuvi's Dreadful Rot  Necr/Pois/Air  34%        N/A       6%          2
 Frozen Ramparts          Ice            28%        1d5       16%         3
 Spellforged Servitor     Conj/Summ      16%        N/A       100%        7


Dungeon Overview and Level Annotations

Branches:
Dungeon (7/15)             Temple (1/1) D:5          Bailey (1/1)

Altars:
Cheibriados
Dithmenos
Elyvilon
Fedhas
Hepliaklqana
Kikubaaqudgha
Makhleb
Nemelex Xobeh
Okawaru
Qazlal
Ru
Sif Muna
Trog
Uskayaw
Vehumet
Wu Jian
Xom
Yredelemnul
Zin
The Shining One

Shops:
D:3 =?!:(

Annotations:
Temple 2 transporters


Message History

Confirm with . or Enter, or press ? or * to list all spells.
Aiming: Magic Dart (safe; 1% risk of failure)
Press: ? - help, Shift-Dir - straight line The magic dart hits something but does no damage.
Casting: Magic Dart (safe; 1% risk of failure)
Confirm with . or Enter, or press ? or * to list all spells.
Aiming: Magic Dart (safe; 1% risk of failure)
Press: ? - help, Shift-Dir - straight line The magic dart hits something but does no damage.
Something hits you!
Casting: Magic Dart (safe; 1% risk of failure)
Confirm with . or Enter, or press ? or * to list all spells.
You blink.
Something draws life force from you!
Unknown command.
Casting: Blink (safe; 5% risk of failure)
Confirm with . or Enter, or press ? or * to list all spells.
You conjure some foxfire!
Something hits you. Something bites you!
Something draws strength from your injuries!
Unknown command.
Casting: Foxfire (safe; 1% risk of failure)
Confirm with . or Enter, or press ? or * to list all spells.
You can't see any susceptible monsters within range! (Use Z to cast anyway.)
Casting: Foxfire (safe; 1% risk of failure)
Confirm with . or Enter, or press ? or * to list all spells.
Aiming: Magic Dart (safe; 1% risk of failure)
Press: ? - help, Shift-Dir - straight line The magic dart hits something but does no damage.
The foxfire hits something! x2; Something hits you!
* * * LOW HITPOINT WARNING * * *
Something bites you!
* * * LOW HITPOINT WARNING * * *
Something draws strength from your injuries!
Casting: Magic Dart (safe; 1% risk of failure)
Confirm with . or Enter, or press ? or * to list all spells.
You are still too unstable to blink.
Something hits you.
* * * LOW HITPOINT WARNING * * *
You feel stable enough to blink again. Something hits you.
You die...

+#......#.........#
#.....##...##''###
#######...##....##
#8.......##......##
#8......8#...##...#
##########..####..#
#..# ##..#
#8..##*.8#
##[)..@!## ##8![.##
######


You could see a friendly battlesphere.

Vanquished Creatures
  A two-headed ogre (D:6)
  A gargoyle (Bailey)
  A steam dragon (D:7)
  A water moccasin (D:7)
  An ice beast (D:6)
  3 black bears
  An orc warrior (D:7)
  An ogre (D:5)
  A phantom (D:4)
  A kobold brigand (D:4)
  A scorpion (D:7)
  A killer bee (D:6)
  9 vampire bats (Bailey)
  2 wolf zombies (Bailey)
  4 hounds (D:5)
  Crazy Yiuf (D:6)
  A gnoll bouda (D:7)
  2 orc priests (D:7)
  3 orc wizards (D:5)
  3 iguanas
  Natasha (thrice) (D:2)
  5 gnolls (D:7)
  6 adders
  A white imp (D:6)
  3 worms
  4 dart slugs
  22 orcs
  6 ball pythons
  5 endoplasms
  3 giant cockroaches
  5 goblins
  8 hobgoblins
  3 jackals (D:2)
  5 quokkas
  8 bats
  A frilled lizard (D:3)
  15 kobolds
  18 orc zombies (Bailey)
  4 rats
164 creatures vanquished.

Vanquished Creatures (collateral kills)
  A sky beast (D:6)
1 creature vanquished.

Vanquished Creatures (others)
  An orc priest (D:7)
  An orc (D:7)
  196 foxfires
198 creatures vanquished.

Grand Total: 363 creatures vanquished

Notes
Turn   | Place    | Note
-------+----------+-------------------------------------------
     0 | D:1      | pokeman the Deep Elf Hedge Wizard began the quest for the
                  | Orb.
     0 | D:1      | Reached XP level 1. HP: 10/10 MP: 7/7
   229 | D:1      | Found a faded altar of an unknown god.
   378 | D:1      | Reached XP level 2. HP: 13/16 MP: 4/9
  1035 | D:2      | Reached skill level 5 in Spellcasting
  1109 | D:2      | Reached XP level 3. HP: 11/20 MP: 4/11
  1113 | D:2      | Learned a level 3 spell: Mephitic Cloud
  1116 | D:2      | Learned a level 2 spell: Call Imp
  1119 | D:2      | Learned a level 2 spell: Blink
  1181 | D:2      | Found a snail-covered altar of Cheibriados.
  1327 | D:2      | Reached skill level 1 in Fighting
  1346 | D:2      | Reached skill level 1 in Armour
  1470 | D:2      | Reached XP level 4. HP: 24/25 MP: 3/13
  1619 | D:2      | Noticed Natasha
  1624 | D:2      | Killed Natasha
  1825 | D:2      | Noticed Natasha
  1840 | D:2      | Killed Natasha
  1936 | D:2      | Noticed Natasha
  1953 | D:2      | Killed Natasha
  1954 | D:2      | Reached skill level 6 in Spellcasting
  1954 | D:2      | Reached XP level 5. HP: 22/29 MP: 11/15
  2274 | D:3      | Noticed a black bear
  2290 | D:3      | Killed a black bear
  2291 | D:3      | Reached skill level 1 in Air Magic
  2291 | D:3      | Reached skill level 1 in Poison Magic
  2291 | D:3      | Reached skill level 1 in Evocations
  2410 | D:3      | Found Ceromij's Jewellery Boutique.
  2450 | D:3      | Found Qegu Ras's Magic Scroll Emporium.
  2492 | D:3      | Bought a scroll of identify for 20 gold pieces
  2492 | D:3      | Bought a scroll of noise for 10 gold pieces
  2674 | D:3      | Found Seecuen's Distillery.
  2678 | D:3      | Bought a potion of degeneration for 11 gold pieces
  2678 | D:3      | Bought a potion of curing for 33 gold pieces
  2698 | D:3      | Found Kaicwir's Book Emporium.
  2739 | D:3      | Found Cutasud's Weapon Shoppe.
  2908 | D:4      | Reached XP level 6. HP: 19/34 MP: 8/17
  3513 | D:4      | Reached skill level 7 in Spellcasting
  3655 | D:5      | Entered Level 5 of the Dungeon
  3930 | D:5      | Reached XP level 7. HP: 39/39 MP: 13/20
  4065 | D:5      | Reached skill level 8 in Spellcasting
  4193 | D:5      | Found a staircase to the Ecumenical Temple.
  4202 | Temple   | Found a transporter.
  4202 | Temple   | Found a transporter.
  4202 | Temple   | Found a transporter.
  4202 | Temple   | Found a transporter.
  4202 | Temple   | Entered the Ecumenical Temple
  4216 | Temple   | Became a worshipper of Vehumet
  4426 | D:5      | Found a shimmering blue altar of Sif Muna.
  4737 | D:5      | Learned a level 5 spell: Iskenderun's Battlesphere
  4744 | D:5      | Learned a level 6 spell: Leda's Unmaking
  4763 | D:5      | Reached skill level 9 in Spellcasting
  5031 | D:6      | Found a blossoming altar of Fedhas.
  5129 | D:6      | Reached skill level 1 in Earth Magic
  5129 | D:6      | Reached XP level 8. HP: 24/44 MP: 14/23
  5458 | D:6      | Noticed Maggie
  5460 | D:6      | Maggie changed into Maggie the adder
  5460 | D:6      | Noticed Maggie
  5463 | D:6      | Killed Maggie the adder
  5474 | D:6      | Reached skill level 5 in Conjurations
  5592 | D:6      | Found a runed translucent door.
  5593 | D:6      | Noticed Crazy Yiuf
  5607 | D:6      | Killed Crazy Yiuf
  5794 | D:6      | Found a basalt altar of Yredelemnul.
  5920 | D:6      | Noticed a two-headed ogre
  6050 | D:6      | Killed a two-headed ogre
  6051 | D:6      | Reached skill level 10 in Spellcasting
  6196 | D:7      | Reached * piety under Vehumet
  6196 | D:7      | Offered knowledge of Foxfire by Vehumet.
  6197 | D:7      | Reached skill level 11 in Spellcasting
  6197 | D:7      | Reached XP level 9. HP: 42/48 MP: 16/26
  6206 | D:7      | Learned a level 1 spell: Foxfire
  6260 | D:7      | Found a flagged portal.
  6427 | Bailey   | Entered a bailey
  6806 | Bailey   | Offered knowledge of Poisonous Vapours by Vehumet.
  6807 | Bailey   | Reached ** piety under Vehumet
  6851 | Bailey   | Noticed a gargoyle
  6859 | Bailey   | Killed a gargoyle
  6860 | Bailey   | Reached skill level 12 in Spellcasting
  6860 | Bailey   | Reached skill level 1 in Fire Magic
  6973 | Bailey   | HP: 1/49 [something (4)]
  6974 | Bailey   | Slain by a vampire

Illustrated notes

Levels and vault maps discovered:
D:1:      ebering_trefoil_3fold, layout_basic,
          dreamdust_ecumenical_altar_statues, chequers_hall_statues_corner_a,
          minmay_pentomino_z2
D:2:      layout_basic, basic_altar, kennysheep_generic_room_2, uniq_natasha
D:3:      layout_rooms, serial_shops, nicolae_shop_behind_doors, shop,
          nicolae_shop_back_alley_shop, shop, shop, nicolae_elevator_lobby_plus
D:4:      layout_basic
D:5:      layout_basic, marbit_many_paths, minmay_temple_entry_statues_pillars,
          st_stairs_13
D:6:      layout_rooms, lemuel_coloured_pillars_altar, lemuel_crystal_altar,
          minmay_small_thing, uniq_crazy_yiuf_cottage, uniq_maggie
D:7:      layout_basic, enter_bailey_6, serial_shops,
          nicolae_shop_just_a_little_nook, minmay_strange_pillars,
          nicolae_phantomly_mirrored
Temple:   hellmonk_temple_divided_pantheon
Bailey:   bailey_polearm_vampire_castle_hellmonk, bailey

Skill      XL: |  1  2  3  4  5  6  7  8  9 |
---------------+----------------------------+-----
Spellcasting   | 5 6 7 9 11 12 | 12.2
Fighting       | 1 2 |  2.4
Armour         | 1 2 3 4 |  4.0
Conjurations   | 2 3 4 5 6 |  6.8
Dodging        | 3 |  3.0
Stealth        | 3 |  3.1
Air Magic      | 1 |  1.0
Poison Magic   | 1 |  1.0
Evocations     | 1 |  1.0
Earth Magic    | 1 3 4 |  4.8
Fire Magic     | 1 |  1.5
Summonings     | |  1.1
Translocations | |  1.1

Action                     |  1- 3 |  4- 6 |  7- 9 || total
---------------------------+-------+-------+-------++-------
  Melee: Dagger            |     1 |       |       ||     1
         Short sword       |     4 |    72 |    95 ||   171
         Punch             |       |       |     3 ||     3
   Fire: Shortbow          |    16 |       |       ||    16
   Cast: Magic Dart        |    77 |   113 |   101 ||   291
         Mephitic Cloud    |     1 |    12 |    21 ||    34
         Call Imp          |       |     1 |     3 ||     4
         Blink             |       |     1 |     2 ||     3
         Foxfire           |       |       |   115 ||   115
         Iskenderun's Batt |       |       |     2 ||     2
  Evoke: Wand              |       |       |     2 ||     2
   Stab: Confused          |       |     9 |    11 ||    20
         Sleeping          |       |     2 |       ||     2
         Distracted        |       |       |     1 ||     1
 Armour: Robe              |    15 |    55 |    55 ||   125
         Swamp dragon scal |       |       |    48 ||    48
  Dodge: Dodged            |    12 |    63 |   116 ||   191

Table legend: (Time is in decaauts)
 A = Elapsed time spent in this place.
 B = Non-inter-level travel time spent in this place.
 C = Inter-level travel time spent in this place.
 D = Time resting spent in this place.
 E = Time spent auto-exploring this place.
 F = Levels seen in this place.
 G = Mean time per level.
                   A        B        C        D        E       F      G
               +--------+--------+--------+--------+--------+-----+--------+
         Total |   6981 |   6825 |    156 |    399 |   5128 |   9 |  775.7 |
       Dungeon |   6408 |   6259 |    149 |    399 |   4740 |   7 |  915.4 |
        Temple |     25 |     18 |      7 |      0 |      0 |   1 |   25.0 |
        Bailey |    546 |    546 |      0 |      0 |    388 |   1 |  546.0 |
               +--------+--------+--------+--------+--------+-----+--------+

Top non-repeatable levels by time:
     D:5: 1296 daAuts
     D:2: 1212 daAuts
     D:6: 1010 daAuts
     D:1: 980 daAuts
     D:4: 974 daAuts
     D:3: 669 daAuts
  Bailey: 546 daAuts
     D:7: 264 daAuts
  Temple: 25 daAuts
